Warning! The script has encountered some errors when parsing the replay. Please report them to the . » details
0x64, prev: 0x65: 19 61 65 [64] 55 68 46 00 00 20 EA 00 00
General information
- name: BNet
- type: Ladder team game (AT/RT)
- host: Battle.net
- saver: dignitates
map: GnollWood
- players: 4
- length: 23:33
- speed: Fast
- version: 1.24 W3XP
- replay type: Public
» download(152 KB)
Players
team 1 (winner)
AudreyG. (
yellow | 233 APM | 4373 actions | 18:44)
4 Blademaster
2 Wind Walk
2 Critical Strike
3 Shadow Hunter
1 Hex
2 Healing Wave
» actions
| Assign group hotkey | 88 | |
| Basic commands | 211 | |
| Build / train | 83 | |
| ESC pressed | 2 | |
| Enter build submenu | 13 | |
| Enter hero's abilities submenu | 7 | |
| Give item / drop item | 1 | |
| Right click | 1074 | |
| Select / deselect | 765 | |
| Select group hotkey | 2006 | |
| Use ability | 123 | |
4373 total
» units
| Peon | 11 | |
| Grunt | 7 | |
| Raider | 7 | |
| Spirit Walker | 3 | |
| Kodo Beast | 2 | |
| Demolisher | 1 | |
| Troll Headhunter/Berserker | 5 | |
| Troll Batrider | 4 | |
40 total
» upgrades
| Berserker Strength | 1 | |
| Ensnare | 1 | |
| Spirit Walker Training | 1 | |
| Melee Weapons | 2 | |
| Armor | 1 | |
| Pillage | 1 | |
| Ranged Weapons | 1 | |
8 total
» buildings
| Altar of Storms | 1 | |
| Orc Burrow | 6 | |
| Barracks | 1 | |
| Voodoo Lounge | 2 | |
| Stronghold | 1 | |
| Beastiary | 1 | |
| Spirit Lodge | 1 | |
| War Mill | 1 | |
14 total
» build order
00:10 Altar of Storms
00:24 Orc Burrow
00:39 Barracks
01:44 Orc Burrow
01:57 Voodoo Lounge
02:52 Stronghold
05:21 Beastiary
05:23 Spirit Lodge
05:54 Orc Burrow
06:19 Orc Burrow
08:12 War Mill
09:15 Voodoo Lounge
09:46 Orc Burrow
16:44 Orc Burrow
» items
| Healing Salve | 4 | |
| Lesser Clarity Potion | 4 | |
| Boots of Speed | 1 | |
| Dust of Appearance | 4 | |
| Scroll of Speed | 2 | |
| Potion of Healing | 2 | |
| Scroll of Town Portal | 2 | |
| Potion of Lesser Invulnerability | 2 | |
| Scroll of Healing | 1 | |
22 total
dignitates (
orange | 124 APM | 2917 actions | 23:33)
5 Archmage
3 Summon Water Elemental
2 Brilliance Aura
4 Mountain King
2 Storm Bolt
2 Bash
1 Shadow Hunter
1 Hex
» actions
| Assign group hotkey | 41 | |
| Basic commands | 33 | |
| Build / train | 85 | |
| ESC pressed | 4 | |
| Enter build submenu | 36 | |
| Enter hero's abilities submenu | 10 | |
| Give item / drop item | 2 | |
| Right click | 959 | |
| Select / deselect | 875 | |
| Select group hotkey | 729 | |
| Use ability | 142 | |
2917 total
» units
| Peasant | 11 | |
| Footman | 5 | |
| Priest | 6 | |
| Sorceress | 5 | |
| Spell Breaker | 7 | |
| Rifleman | 4 | |
| Troll Headhunter/Berserker | 2 | |
| Spirit Walker | 3 | |
| Raider | 3 | |
46 total
» upgrades
| Priest Training | 1 | |
| Sorceress Training | 1 | |
| Gunpowder | 1 | |
| Long Rifles | 1 | |
4 total
» buildings
| Altar of Kings | 1 | |
| Barracks | 5 | |
| Farm | 16 | |
| Keep | 1 | |
| Arcane Vault | 2 | |
| Arcane Sanctum | 2 | |
| Town Hall | 2 | |
| Scout Tower | 2 | |
| Arcane Tower | 3 | |
| Blacksmith | 1 | |
| Orc Burrow | 2 | |
37 total
» build order
00:08 Altar of Kings
00:18 Barracks
00:33 Farm
00:48 Farm
02:12 Farm
02:50 Keep
03:45 Farm
03:48 Arcane Vault
04:55 Farm
05:22 Arcane Sanctum
06:29 Arcane Sanctum
06:53 Farm
10:38 Town Hall
12:18 Town Hall
12:47 Scout Tower
12:48 Scout Tower
13:09 Arcane Vault
13:40 Farm
15:08 Arcane Tower
15:08 Arcane Tower
15:11 Arcane Tower
15:32 Farm
15:33 Farm
16:36 Blacksmith
16:39 Barracks
16:40 Barracks
17:22 Barracks
17:25 Barracks
21:04 Farm
21:07 Farm
21:29 Orc Burrow
21:29 Orc Burrow
21:48 Farm
21:49 Farm
22:19 Farm
22:34 Farm
22:36 Farm
» items
| Boots of Speed | 1 | |
| Dust of Appearance | 4 | |
| Lesser Clarity Potion | 3 | |
| Scroll of Town Portal | 4 | |
| Potion of Healing | 1 | |
| Scroll of Healing | 2 | |
| Scroll of Protection | 2 | |
| Potion of Invisibility | 1 | |
18 total
team 2 (loser)
locationgermany (
red | 63 APM | 1477 actions | 23:31)
3 Priestess of the Moon
1 Searing Arrows
1 Trueshot Aura
1 Scout
» actions
| Assign group hotkey | 141 | |
| Build / train | 67 | |
| Enter build submenu | 12 | |
| Enter hero's abilities submenu | 3 | |
| Give item / drop item | 1 | |
| Remove unit from queue | 2 | |
| Right click | 668 | |
| Select / deselect | 332 | |
| Select group hotkey | 198 | |
| Use ability | 53 | |
1477 total
» units
| Wisp | 12 | |
| Huntress | 3 | |
| Archer | 29 | |
| Ghoul | 4 | |
| Obsidian Statue | 2 | |
50 total
» upgrades
| Moon Armor | 1 | |
| Strength of the Moon | 1 | |
| Ultravision | 1 | |
3 total
» buildings
| Altar of Elders | 1 | |
| Moon Well | 4 | |
| Ancient of War | 3 | |
| Hunter's Hall | 1 | |
| Ancient of Wonders | 1 | |
| Tree of Ages | 0 | |
| Tree of Life | 1 | |
11 total
» build order
00:24 Altar of Elders
00:38 Moon Well
01:24 Ancient of War
01:32 Ancient of War
01:45 Moon Well
02:07 Hunter's Hall
02:26 Ancient of War
05:38 Moon Well
05:42 Moon Well
08:19 Ancient of Wonders
10:13 Tree of Ages
21:58 Tree of Life
» items
| Dust of Appearance | 1 | |
| Moonstone | 2 | |
| Scroll of Healing | 1 | |
| Scroll of Protection | 2 | |
| Scroll of Town Portal | 1 | |
| Lesser Clarity Potion | 1 | |
8 total
Ua-run (
purple | 793 APM | 15906 actions | 20:03)
4 Death Knight
2 Death Coil
2 Unholy Aura
2 Lich
1 Frost Nova
1 Frost Armor
2 Crypt Lord
1 Impale
1 Carrion Beetles
» actions
| Assign group hotkey | 46 | |
| Basic commands | 2 | |
| Build / train | 67 | |
| Enter build submenu | 19 | |
| Enter hero's abilities submenu | 11 | |
| Give item / drop item | 3 | |
| Remove unit from queue | 3 | |
| Right click | 909 | |
| Select / deselect | 151 | |
| Select group hotkey | 236 | |
| Select subgroup | 3 | |
| Use ability | 14456 | |
15906 total
» units
| Acolyte | 2 | |
| Ghoul | 2 | |
| Crypt Fiend | 8 | |
| Obsidian Statue | 8 | |
| Abomination | 2 | |
22 total
» upgrades
| Creature Attack | 1 | |
| Burrow | 1 | |
| Web | 1 | |
| Destroyer Form | 1 | |
| Disease Cloud | 1 | |
5 total
» buildings
| Graveyard | 1 | |
| Crypt | 1 | |
| Altar of Darkness | 1 | |
| Ziggurat | 14350 | |
| Tomb of Relics | 1 | |
| Halls of the Dead | 5 | |
| Nerubian Tower | 1 | |
| Black Citadel | 4 | |
| Slaughterhouse | 3 | |
14367 total
» build order
00:10 Graveyard
00:14 Crypt
00:24 Altar of Darkness
00:26 Ziggurat
00:48 Tomb of Relics
01:30 Ziggurat
03:33 Halls of the Dead
03:34 Halls of the Dead
03:34 Halls of the Dead
03:54 Ziggurat
04:46 Ziggurat
05:07 Nerubian Tower
05:55 Black Citadel
05:55 Black Citadel
05:55 Black Citadel
06:50 Slaughterhouse
07:01 Slaughterhouse
07:15 Slaughterhouse
08:06 Ziggurat
12:01 Ziggurat
18:19 Ziggurat
18:19 Ziggurat
18:19 Ziggurat
18:20 Ziggurat
18:20 Ziggurat
18:20 Ziggurat
18:20 Ziggurat
18:21 Ziggurat
18:22 Ziggurat
18:22 Ziggurat
18:22 Ziggurat
18:22 Ziggurat
18:23 Ziggurat
18:23 Ziggurat
18:23 Ziggurat
18:24 Ziggurat
18:24 Ziggurat
18:24 Ziggurat
18:24 Ziggurat
18:25 Ziggurat
18:25 Ziggurat
18:25 Ziggurat
18:25 Ziggurat
18:26 Ziggurat
18:26 Ziggurat
18:26 Ziggurat
18:26 Ziggurat
18:27 Ziggurat
18:27 Ziggurat
18:27 Ziggurat
18:27 Ziggurat
18:28 Ziggurat
18:28 Ziggurat
18:28 Ziggurat
18:28 Ziggurat
18:29 Ziggurat
18:29 Ziggurat
18:29 Ziggurat
18:29 Ziggurat
18:30 Ziggurat
18:30 Ziggurat
18:35 Ziggurat
18:36 Ziggurat
18:37 Ziggurat
18:37 Ziggurat
18:37 Ziggurat
18:37 Ziggurat
18:38 Ziggurat
18:38 Ziggurat
18:38 Ziggurat
18:38 Ziggurat
18:39 Ziggurat
18:39 Ziggurat
18:39 Ziggurat
18:39 Ziggurat
18:40 Ziggurat
18:40 Ziggurat
18:40 Ziggurat
18:41 Ziggurat
18:41 Ziggurat
18:41 Ziggurat
18:41 Ziggurat
18:42 Ziggurat
18:42 Ziggurat
18:42 Ziggurat
18:42 Ziggurat
18:43 Ziggurat
18:43 Ziggurat
18:43 Ziggurat
18:44 Ziggurat
19:18 Ziggurat
19:18 Ziggurat
19:18 Ziggurat
19:18 Ziggurat
19:19 Ziggurat
19:19 Ziggurat
19:20 Ziggurat
19:20 Ziggurat
19:20 Ziggurat
19:20 Ziggurat
19:21 Ziggurat
19:21 Ziggurat
19:21 Ziggurat
19:22 Ziggurat
19:22 Ziggurat
19:22 Ziggurat
19:23 Ziggurat
19:23 Ziggurat
19:23 Ziggurat
19:23 Ziggurat
19:24 Ziggurat
19:24 Ziggurat
19:24 Ziggurat
19:24 Ziggurat
19:25 Ziggurat
19:25 Ziggurat
19:25 Ziggurat
19:26 Ziggurat
19:26 Ziggurat
19:26 Ziggurat
19:27 Ziggurat
19:27 Ziggurat
19:27 Ziggurat
19:27 Ziggurat
19:28 Ziggurat
19:28 Ziggurat
19:28 Ziggurat
19:28 Ziggurat
19:29 Ziggurat
19:29 Ziggurat
19:29 Ziggurat
19:29 Ziggurat
19:30 Ziggurat
19:30 Ziggurat
19:30 Ziggurat
19:30 Ziggurat
19:31 Ziggurat
19:31 Ziggurat
19:32 Ziggurat
19:32 Ziggurat
19:32 Ziggurat
19:33 Ziggurat
19:33 Ziggurat
19:33 Ziggurat
19:33 Ziggurat
19:34 Ziggurat
19:34 Ziggurat
19:34 Ziggurat
19:34 Ziggurat
19:35 Ziggurat
19:35 Ziggurat
19:35 Ziggurat
19:35 Ziggurat
19:50 Ziggurat
19:50 Ziggurat
19:51 Ziggurat
19:51 Ziggurat
19:51 Ziggurat
19:52 Ziggurat
19:52 Ziggurat
19:52 Ziggurat
19:52 Ziggurat
19:53 Ziggurat
19:53 Ziggurat
19:53 Ziggurat
19:53 Ziggurat
19:54 Ziggurat
19:54 Ziggurat
19:54 Ziggurat
19:54 Ziggurat
19:55 Ziggurat
19:55 Ziggurat
19:55 Ziggurat
19:55 Ziggurat
19:56 Ziggurat
19:56 Ziggurat
19:56 Ziggurat
19:56 Ziggurat
19:57 Ziggurat
19:57 Ziggurat
19:57 Ziggurat
19:57 Ziggurat
19:58 Ziggurat
19:58 Ziggurat
19:58 Ziggurat
19:58 Ziggurat
19:59 Ziggurat
19:59 Ziggurat
19:59 Ziggurat
19:59 Ziggurat
20:00 Ziggurat
20:00 Ziggurat
20:00 Ziggurat
20:00 Ziggurat
20:01 Ziggurat
20:01 Ziggurat
20:01 Ziggurat
20:01 Ziggurat
20:02 Ziggurat
20:02 Ziggurat
20:02 Ziggurat
20:02 Ziggurat
20:03 Ziggurat
» items
| Rod of Necromancy | 1 | |
| Dust of Appearance | 1 | |
| Orb of Corruption | 1 | |
| Scroll of Town Portal | 4 | |
| Potion of Lesser Invulnerability | 1 | |
| Scroll of Healing | 1 | |
9 total
Chat log
(00:18 / Allies) AudreyG.: germany is pretty good:)
(00:23 / Allies) dignitates: stats?
(00:46 / Allies) AudreyG.: he was 40 lvl before reset
(00:52 / Allies) dignitates: ah
(01:26 / Allies) dignitates: ?
(01:33 / Allies) AudreyG.: me shops
(01:34 / Allies) dignitates: can i borrow ur grunt ?
(01:38 / Allies) AudreyG.: I cant bring you grunt
(01:40 / Allies) AudreyG.: :)
(01:43 / Allies) dignitates: ah
(01:50 / Allies) dignitates: 5 milita
(01:50 / Allies) AudreyG.: no you cant xD
(01:52 / Allies) dignitates: will fix
(02:32 / Allies) dignitates: share
(02:55 / Allies) dignitates: SHIT
(03:07 / Allies) AudreyG.: i thought that they are Mhackers
(03:32 / Allies) dignitates: wtf
(03:33 / Allies) dignitates: dude
(03:38 / Allies) AudreyG.: fuck
(04:27 / Allies) dignitates: potm there?
(04:30 / Allies) AudreyG.: y
(06:31 / Allies) AudreyG.: b
(07:48 / Allies) AudreyG.: i will tp
(08:58 / Allies) dignitates: i tp
(10:15 / Allies) dignitates: go
(10:25 / Allies) AudreyG.: k
(10:31 / Allies) dignitates: take tp
(11:03 / Allies) AudreyG.: hh hall
(11:14 / Allies) AudreyG.: hha
(11:28 / Allies) AudreyG.: b
(11:35 / Allies) AudreyG.: tp
(11:49 / Allies) AudreyG.: mass aa
(12:24 / Allies) dignitates: go lvl 3
(13:08 / Allies) AudreyG.: just elf
(13:18 / Allies) AudreyG.: comming
(15:39 / Allies) AudreyG.: mass items buy:)
(15:42 / Allies) AudreyG.: and we can win:)
(15:51 / Allies) dignitates: wtf
(15:54 / Allies) dignitates: he know
(16:23 / All) Ua-run: Tp donw
(16:31 / All) AudreyG.: in stun ...:)
(16:39 / All) Ua-run: Shut ucker
(16:50 / Allies) AudreyG.: just me
(16:54 / Allies) AudreyG.: fuck :P
(17:43 / Allies) AudreyG.: b
(18:21 / Allies) dignitates: lagg
(18:52 / All) dignitates: cancer hackers
(19:23 / All) dignitates: fuck off idiots
(19:34 / All) dignitates: nooobs
(20:55 / All) dignitates: u fucking lamer
(21:11 / All) dignitates: cant win normal?